 Dungeon Crawl Stone Soup version 0.27-a0-1048-g7ee7857c10 (webtiles) character file.

Game seed: 14377768277964234314

182 Morbidden the Covered (level 5, -2/41 HPs)
             Began as a Demonspawn Fighter on Apr 20, 2021.
             Slain by a sky beast (5 damage)
             ... on level 3 of the Dungeon.
             The game lasted 00:02:13 (2841 turns).

Morbidden the Covered (Demonspawn Fighter)          Turns: 2841, Time: 00:02:14

Health: -2/41      AC: 11    Str: 16    XL:     5   Next: 35%
Magic:  5/5        EV:  7    Int: 10    God:
Gold:   75         SH:  9    Dex: 13    Spells: 4/4 levels left

rFire    . . .     SeeInvis .   a - +0 long sword
rCold    . . .     Faith    .   c - +0 kite shield
rNeg     . . .     Spirit   .   b - +0 scale mail
rPois    .         Reflect  .   (helmet restricted)
rElec    .         Harm     .   (no cloak)
rCorr    .         Rampage  .   (no gloves)
Will     .....                  (no boots)
Stlth    ..........             (no amulet)
HPRegen  0.13/turn              f - +4 ring of protection
MPRegen  0.09/turn              (no ring)

@: no status effects
A: horns 2, demonic guardian 1
a: no special abilities


You were on level 3 of the Dungeon.
You visited 1 branch of the dungeon, and saw 3 of its levels.

You collected 75 gold pieces.

Inventory:

Hand Weapons
 a - a +0 long sword (weapon)
Armour
 b - a +0 scale mail (worn)
 c - a +0 kite shield (worn)
Jewellery
 f - a +4 ring of protection (left hand)
Scrolls
 e - a scroll of fog {unknown}
 g - a scroll of amnesia {unknown}
 h - a scroll of silence {unknown}
 i - a scroll of brand weapon {unknown}
 l - a scroll of enchant weapon {unknown}
 m - a scroll of magic mapping {unknown}
 n - a scroll of teleportation {unknown}
Potions
 d - a potion of might
 j - a potion of curing
 k - a potion of berserk rage {unknown}
 o - a potion of brilliance {unknown}
 p - a potion of ambrosia {unknown}
 q - a potion of lignification {unknown}


   Skills:
 + Level 3.6 Fighting
 + Level 3.0 Long Blades
 + Level 3.7 Armour
 + Level 0.9 Dodging
 + Level 0.2 Stealth
 + Level 3.4 Shields


You had 4 spell levels left.
You didn't know any spells.
Your spell library was empty.

Dungeon Overview and Level Annotations

Branches:
Dungeon (3/15)

Altars:
Kikubaaqudgha

Shops:
D:2 !

Annotations:
D:2 1 runed translucent door, Crazy Yiuf


Innate Abilities, Weirdness & Mutations

You have a pair of horns on your head.
A weak demonic guardian rushes to your aid.


Message History

The sky beast is lightly wounded.
The sky beast flickers out of sight!
Deactivating autopickup; reactivate with Ctrl-A.
Something hits you. Something shocks you. Something hits you.
Something shocks you.
There are monsters nearby!
The quokka splashes around in the water.
You hit the quokka.
The quokka is severely wounded.
A sky beast appears from thin air!
Reactivating autopickup.
The sky beast hits you but does no damage.
The quokka barely misses you.
Your shield and scale mail prevent you from hitting the quokka.
The quokka is heavily wounded.
The quokka splashes around in the water.
You block the sky beast's attack. The sky beast hits you.
The sky beast shocks you.
A demonic guardian appears!
You block the quokka's attack. You block the hobgoblin's attack.
Unknown command.
The quokka bites you but does no damage.
You block the sky beast's attack.
The quokka splashes around in the water.
Your iron imp hits the quokka!
The quokka dies!
The sky beast flickers out of sight!
Deactivating autopickup; reactivate with Ctrl-A.
You miss something.
Your iron imp disappears in a puff of smoke!
Something completely misses you.
You closely miss something. Something hits you. Something shocks you.
* * * LOW HITPOINT WARNING * * *
Something hits you.
* * * LOW HITPOINT WARNING * * *
Something shocks you.
* * * LOW HITPOINT WARNING * * *
You slash something! Something hits you.
* * * LOW HITPOINT WARNING * * *
Something shocks you.
You die...

.........#..####
...............#
...≈≈≈≈.≈≈≈≈≈..
#.≈≈≈≈.≈≈≈≈≈..
##.≈≈≈≈.≈≈≈≈≈..
#..≈≈≈≈.≈†≈≈≈†.
#..≈≈≈≈.......#
##########........≈≈≈≈.#
.......@.g..≈≈≈≈≈.≈≈≈≈.#
##########..≈≈≈≈≈.≈≈≈≈.#
#..≈≈≈≈≈.≈≈≈≈.#
#..≈≈≈≈≈.≈≈≈≈.#
#.............#
#........######
##########


You could see a hobgoblin.

Vanquished Creatures
  Jessica (D:2)
  Natasha (D:3)
  3 gnolls (D:3)
  3 adders
  2 worms
  3 dart slugs
  3 orcs (D:3)
  4 bats
  6 endoplasms
  A giant cockroach (D:2)
  8 goblins
  5 hobgoblins
  5 jackals (D:1)
  A quokka (D:1)
  5 ball pythons
  A frilled lizard (D:2)
  3 kobolds (D:1)
  5 rats
60 creatures vanquished.

Vanquished Creatures (collateral kills)
  A quokka (D:3)
1 creature vanquished.

Vanquished Creatures (others)
  2 fungi (D:2)
2 creatures vanquished.

Grand Total: 63 creatures vanquished

Notes
Turn   | Place    | Note
-------+----------+-------------------------------------------
     0 | D:1      | Morbidden the Demonspawn Fighter began the quest for the
                  | Orb.
     0 | D:1      | Reached XP level 1. HP: 18/18 MP: 1/1
    58 | D:1      | Gained mutation: You have a pair of small horns on your
                  | head. [demonic ancestry]
    58 | D:1      | Reached XP level 2. HP: 14/24 MP: 2/2
   885 | D:1      | Gained mutation: A weak demonic guardian rushes to your
                  | aid. [demonic ancestry]
   885 | D:1      | Reached XP level 3. HP: 29/29 MP: 3/3
  1069 | D:1      | Found a faded altar of an unknown god.
  1656 | D:2      | Found an ancient bone altar of Kikubaaqudgha.
  1946 | D:2      | Noticed Jessica
  1949 | D:2      | Found Tuxofruo's Distillery.
  1963 | D:2      | Reached XP level 4. HP: 35/35 MP: 4/4
  1971 | D:2      | Killed Jessica
  2284 | D:2      | Found a runed translucent door.
  2285 | D:2      | Noticed Crazy Yiuf
  2413 | D:3      | Noticed Natasha
  2429 | D:3      | Killed Natasha
  2567 | D:3      | Gained mutation: You have a pair of horns on your head.
                  | [demonic ancestry]
  2567 | D:3      | Reached XP level 5. HP: 38/41 MP: 5/5
  2817 | D:3      | Noticed a sky beast
  2841 | D:3      | Slain by a sky beast

Illustrated notes

Levels and vault maps discovered:
D:1:      dpeg_arrival_concentric_ovals, layout_basic,
          hellmonk_ecumenical_altar_inner_sanctum, st_stairs_10
D:2:      layout_basic, basic_altar, serial_shops, shop,
          uniq_crazy_yiuf_cottage, uniq_jessica
D:3:      layout_basic, minivault_14, uniq_natasha

Skill      XL: |  1  2  3  4  5 |
---------------+----------------+-----
Armour         | 3 |  3.7
Shields        | 3 |  3.4
Long Blades    | 2 3 |  3.0
Fighting       | |  3.6
Dodging        | |  0.9
Stealth        | |  0.2

Action                   |  1- 3 |  4- 6 || total
-------------------------+-------+-------++-------
Melee: Long sword        |   107 |    74 ||   181
       Headbutt          |    17 |    11 ||    28
  Use: Potion            |       |     1 ||     1
Armor: Scale mail        |    67 |    24 ||    91
Dodge: Dodged            |    27 |    24 ||    51
Block: Kite shield       |    56 |    34 ||    90
       Rpst.: Long sword |    10 |     6 ||    16

Table legend: (Time is in decaauts)
 A = Elapsed time spent in this place.
 B = Non-inter-level travel time spent in this place.
 C = Inter-level travel time spent in this place.
 D = Time resting spent in this place.
 E = Time spent auto-exploring this place.
 F = Levels seen in this place.
 G = Mean time per level.
                   A        B        C        D        E       F      G
               +--------+--------+--------+--------+--------+-----+--------+
         Total |   2942 |   2873 |     69 |      0 |   2388 |   3 |  980.7 |
       Dungeon |   2942 |   2873 |     69 |      0 |   2388 |   3 |  980.7 |
               +--------+--------+--------+--------+--------+-----+--------+

Top non-repeatable levels by time:
     D:2: 1236 daAuts
     D:1: 1180 daAuts
     D:3: 526 daAuts
